 Dungeon Crawl Stone Soup version 0.28-a0-1339-ga5422284a4 (webtiles) character file.

Game seed: 4105818032262808480

161 bande the Covered (level 5, -1/33 HPs)
             Began as a Gargoyle Fighter on Dec 29, 2021.
             Slain by an ice beast (5 damage)
             ... on level 4 of the Dungeon.
             The game lasted 00:05:00 (3068 turns).

bande the Covered (Gargoyle Fighter)                Turns: 3068, Time: 00:05:00

Health: -1/33      AC: 13    Str: 19    XL:     5   Next: 42%
Magic:  5/5        EV:  7    Int:  9    God:
Gold:   115        SH: 10    Dex: 11    Spells: 4/4 levels left

rFire   . . .      SeeInvis .   a - +0 war axe
rCold   . . .      Faith    .   c - +1 buckler
rNeg    + . .      Spirit   .   j - +0 chain mail
rPois   ∞          Reflect  +   (no helmet)
rElec   +          Harm     .   (no cloak)
rCorr   .          Rampage  .   (no gloves)
Will    .....                   (no boots)
Stlth   ..........              h - amulet of reflection
HPRegen 0.11/turn               (no ring)
MPRegen 0.09/turn               (no ring)

@: no status effects
A: sickness immunity, AC +4, negative energy resistance 1, electricity
resistance, torment resistance 1, petrification resistance
a: no special abilities


You were on level 4 of the Dungeon.
You visited 1 branch of the dungeon, and saw 4 of its levels.

You collected 115 gold pieces.

Inventory:

Hand Weapons
 a - a +0 war axe (weapon)
Armour
 c - a +1 buckler (worn)
 j - a +0 chain mail (worn)
Jewellery
 h - an amulet of reflection (around neck)
Potions
 d - a potion of might
 e - a potion of magic
 f - a potion of flight
 g - a potion of curing
 i - a potion of heal wounds
 l - a potion of attraction {unknown}


   Skills:
 + Level 4.0 Fighting
 + Level 3.6 Axes
 + Level 4.2 Armour
 - Level 0.2 Stealth
 + Level 3.7 Shields


You had 4 spell levels left.
You didn't know any spells.
Your spell library contained the following spells:

 Spells                   Type           Power      Damage    Failure   Level
 Freezing Cloud           Conj/Ice/Air   0%         6-21      100%        5
 Simulacrum               Ice/Necr       0%         N/A       100%        6
 Polar Vortex             Ice            0%         N/A       100%        9


Dungeon Overview and Level Annotations

Branches:
Dungeon (4/15)
 Temple: D:4-7

Altars:
Fedhas
Ru
Zin


Innate Abilities, Weirdness & Mutations

You are immune to sickness and miasma.
Your stone body is resilient. (AC +4)
You are immune to poison.
You resist negative energy. (rN+)
You are resistant to electric shocks. (rElec)
You are resistant to unholy torment.
You are immune to petrification.


Message History

The scorpion stings you but does no damage. x2
You slash the scorpion!
The scorpion is moderately wounded.
The scorpion barely misses you.
You hit the scorpion but do no damage.
The scorpion is moderately wounded.
You block the scorpion's attack. The scorpion completely misses you.
You slash the scorpion!
The scorpion is almost dead.
The scorpion barely misses you. You block the scorpion's attack.
You barely miss the scorpion.
The scorpion is almost dead.
You block the scorpion's attack.
You barely miss the scorpion.
The scorpion is almost dead.
You block the scorpion's attack. The scorpion stings you!
You hit the scorpion.
You kill the scorpion!
Your Fighting skill increases to level 4!
Your Armour skill increases to level 4!
You have reached level 5!
HP restored.
You see here a scorpion corpse.
An ice beast comes into view.
You see here a scorpion corpse.
You barely miss the ice beast. You block the ice beast's attack.
The ice beast hits you but does no damage.
You hit the ice beast.
The ice beast is lightly wounded.
The ice beast hits you. The ice beast freezes you!
You slash the ice beast!
The ice beast is heavily wounded.
The ice beast hits you. The ice beast freezes you!
* * * LOW HITPOINT WARNING * * *
You closely miss the ice beast.
The ice beast is heavily wounded.
The ice beast hits you.
* * * LOW HITPOINT WARNING * * *
The ice beast freezes you.
You die...

# ...
#?..############
#......†.Y@....#
#.....#########.#
..... #.######
.... #..<...# ...
######.# #. #.# #
#.# #.# #.#


You could see an ice beast.

Vanquished Creatures
  A scorpion (D:4)
  3 gnolls
  An adder (D:3)
  A worm (D:2)
  2 dart slugs
  3 ball pythons
  4 endoplasms
  A giant cockroach (D:2)
  9 goblins
  3 hobgoblins
  7 jackals
  4 kobolds
  3 quokkas
  5 bats
  A frilled lizard (D:1)
  5 rats
  A spectral hobgoblin (D:3)
54 creatures vanquished.

Notes
Turn   | Place    | Note
-------+----------+-------------------------------------------
     0 | D:1      | bande the Gargoyle Fighter began the quest for the Orb.
     0 | D:1      | Reached XP level 1. HP: 14/14 MP: 1/1
   198 | D:1      | Reached XP level 2. HP: 17/19 MP: 2/2
   732 | D:1      | Reached XP level 3. HP: 23/24 MP: 3/3
  1341 | D:1      | Reached XP level 4. HP: 4/29 MP: 4/4
  2364 | D:3      | Found a blossoming altar of Fedhas.
  2458 | D:3      | Found a sacrificial altar of Ru.
  2687 | D:3      | Found a faded altar of an unknown god.
  2748 | D:3      | Found a glowing silver altar of Zin.
  2748 | D:3      | Noticed an angel
  2979 | D:4      | Noticed a scorpion
  2989 | D:4      | Killed a scorpion
  2990 | D:4      | Reached XP level 5. HP: 26/33 MP: 5/5
  3055 | D:4      | Noticed an ice beast
  3068 | D:4      | Slain by an ice beast

Illustrated notes

Levels and vault maps discovered:
D:1:      elethiomel_arrival_quiet, layout_loops_ring
D:2:      layout_basic
D:3:      layout_loops_cross, fedhas_ov_isle_minmay, old_standard_altar,
          zin_angel, dreamdust_ecumenical_altar_drowned_temple
D:4:      layout_loops_ring, lemuel_zombie_altar_yredelemnul,
          lemuel_coloured_pillars_altar, okawaru_gym_becter

Skill      XL: |  1  2  3  4 |
---------------+-------------+-----
Axes           | 2 3 |  3.6
Fighting       | 4 |  4.0
Armour         | 4 |  4.2
Stealth        | |  0.2
Shields        | |  3.7

Action                   |  1- 3 |  4- 6 || total
-------------------------+-------+-------++-------
Melee: War axe           |    97 |    61 ||   158
  Use: Scroll            |     5 |     3 ||     8
Armor: Scale mail        |    67 |    16 ||    83
       Chain mail        |       |    21 ||    21
Dodge: Dodged            |    52 |    32 ||    84
Block: Buckler           |    23 |    13 ||    36

Table legend: (Time is in decaauts)
 A = Elapsed time spent in this place.
 B = Non-inter-level travel time spent in this place.
 C = Inter-level travel time spent in this place.
 D = Time resting spent in this place.
 E = Time spent auto-exploring this place.
 F = Levels seen in this place.
 G = Mean time per level.
                   A        B        C        D        E       F      G
               +--------+--------+--------+--------+--------+-----+--------+
         Total |   3133 |   3098 |     35 |    605 |   1848 |   4 |  783.2 |
       Dungeon |   3133 |   3098 |     35 |    605 |   1848 |   4 |  783.2 |
               +--------+--------+--------+--------+--------+-----+--------+

Top non-repeatable levels by time:
     D:1: 1556 daAuts
     D:3: 729 daAuts
     D:2: 719 daAuts
     D:4: 128 daAuts
